HSSL
BROOKLINE HS WARRIORS @ HUNTSVILLE HS WASPS
04/02/2026
 
TOP OF THE 1ST
Brookline HS Warriors batting - Pitching for Huntsville HS Wasps : RHP Jimmy MacAulay
Pitching: RHP Jimmy MacAulay
Batting: LHB Jonathan Martin 0-0: Called Strike
0-1: Foul Ball, location: 2F
0-2: Strikes out swinging
Batting: LHB Desmond Huth 0-0: Called Strike
0-1: Ball
1-1: Foul Ball, location: 2F
1-2: DOUBLE (Line Drive, 8RM)
Batting: RHB Tom McBride 0-0: Ball
1-0: Foul Ball, location: 2F
1-1: Ball
2-1: Ball
3-1: Ground out 5-3 (Groundball, 5S)
Desmond Huth to third
Batting: RHB Tim Smith 0-0: Foul Ball, location: 2F
0-1: Ball
1-1: Ball
2-1: Swinging Strike
2-2: SINGLE (Groundball, 6MD)
Desmond Huth scores
Batting: SHB Luis Rodríguez 0-0: Called Strike
0-1: Ball
1-1: Called Strike
1-2: Strikes out looking
Top of the 1st over - 1 run(s), 2 hit(s), 0 error(s), 1 left on base; Brookline HS 1 - Huntsville HS 0
BOTTOM OF THE 1ST
Huntsville HS Wasps batting - Pitching for Brookline HS Warriors : RHP Norm Sweetland
Pitching: RHP Norm Sweetland
Batting: RHB Esteban Garza 0-0: Called Strike
0-1: Called Strike
0-2: Foul Ball, location: 2F
0-2: Strikes out looking
Batting: RHB Jesse Pérez 0-0: Foul Ball, location: 2F
0-1: Called Strike
0-2: Ball
1-2: Ball
2-2: Foul Ball, location: 2F
2-2: Ball
3-2: Foul Ball, location: 2F
3-2: Fly out, F8 (Flyball, 8RM)
Batting: RHB Christian Porter 0-0: Called Strike
0-1: Ball
1-1: Foul Ball, location: 2F
1-2: Strikes out swinging
Bottom of the 1st over - 0 run(s), 0 hit(s), 0 error(s), 0 left on base; Brookline HS 1 - Huntsville HS 0
TOP OF THE 2ND
Brookline HS Warriors batting - Pitching for Huntsville HS Wasps : RHP Jimmy MacAulay
Batting: RHB Francisco Durango 0-0: Called Strike
0-1: Swinging Strike
0-2: Ball
1-2: Strikes out looking
Batting: RHB Ben Bond 0-0: Ball
1-0: TRIPLE (Flyball, 8RM)
Batting: RHB Owen Jenkins 0-0: Ball
Wild Pitch!
Ben Bond scores
1-0: Swinging Strike
1-1: Swinging Strike
1-2: Strikes out swinging
Batting: RHB Bob Bishop 0-0: Called Strike
0-1: Foul Ball, location: 2F
0-2: Ball
1-2: Fly out, F8 (Flyball, 8RM)
Top of the 2nd over - 1 run(s), 1 hit(s), 0 error(s), 0 left on base; Brookline HS 2 - Huntsville HS 0
BOTTOM OF THE 2ND
Huntsville HS Wasps batting - Pitching for Brookline HS Warriors : RHP Norm Sweetland
Batting: RHB Foster Hapgood 0-0: Ball
1-0: Ball
2-0: Ball
3-0: Base on Balls
Batting: LHB Warren Walden 0-0: Called Strike
0-1: Foul Ball, location: 2F
0-2: Strikes out swinging
Batting: LHB Eddie Nealon 0-0: Ball
1-0: Fly out, F8 (Flyball, 8LM)
Batting: RHB Roberto Peña 0-0: Ball
1-0: Called Strike
1-1: Swinging Strike
1-2: Strikes out looking
Bottom of the 2nd over - 0 run(s), 0 hit(s), 0 error(s), 1 left on base; Brookline HS 2 - Huntsville HS 0
TOP OF THE 3RD
Brookline HS Warriors batting - Pitching for Huntsville HS Wasps : RHP Jimmy MacAulay
Batting: LHB Jonathan Martin 0-0: SINGLE (Groundball, 3D)
Batting: LHB Desmond Huth 0-0: Ball
1-0: Ball
2-0: Called Strike
2-1: Fielders Choice at 2nd, 6-4 (Groundball, 6)
Batting: RHB Tom McBride 0-0: DOUBLE (Line Drive, 5D)
Desmond Huth to third
Runner from 3rd tries for Home, SAFE, no throw or cutoff
Batting: RHB Tim Smith 0-0: Ball
1-0: Ball
2-0: Ball
3-0: Called Strike
3-1: Called Strike
3-2: Fly out, F9 (Flyball, 9LS)
Batting: SHB Luis Rodríguez 0-0: Foul Ball, location: 2F
0-1: Ball
Wild Pitch!
Tom McBride to third
1-1: Swinging Strike
1-2: Foul Ball, location: 2F
1-2: Fly out, F8 (Popup, 4MD)
Top of the 3rd over - 1 run(s), 2 hit(s), 0 error(s), 1 left on base; Brookline HS 3 - Huntsville HS 0
BOTTOM OF THE 3RD
Huntsville HS Wasps batting - Pitching for Brookline HS Warriors : RHP Norm Sweetland
Batting: RHB Charles Lewis 0-0: Ground out 5-3 (Groundball, 56)
Batting: RHB Mike Kennedy 0-0: Ball
1-0: Ball
2-0: Called Strike
2-1: Ball
3-1: Base on Balls
Batting: RHB Esteban Garza 0-0: Ball
1-0: Foul Ball, location: 2F
1-1: Ball
2-1: 2-RUN HOME RUN (Line Drive, 7D), Distance : 398 ft
Batting: RHB Jesse Pérez 0-0: Ball
1-0: Foul Ball, location: 2F
1-1: Ball
2-1: Ball
3-1: Base on Balls
Batting: RHB Christian Porter 0-0: Foul Ball, location: 2F
0-1: Ball
Throwing error on steal attempt, E2
Jesse Pérez to third
1-1: Ball
2-1: Foul Ball, location: 2F
2-2: Reached on error, E4 (Groundball, 4)
Jesse Pérez scores
Batting: RHB Foster Hapgood 0-0: Foul Ball, location: 2F
0-1: Ball
1-1: Ball
2-1: Ball
3-1: Foul Ball, location: 2F
3-2: SINGLE (Groundball, 4MD)
Christian Porter to second
Runner from 2nd tries for 3rd, SAFE, throw made to third
Batting: LHB Warren Walden 0-0: Fly out, F7 (Flyball, 7M)
Runner from 3rd tags up, SCORES, no throw
Batting: LHB Eddie Nealon 0-0: Ball
1-0: Ball
2-0: Ball
3-0: Called Strike
3-1: Swinging Strike
3-2: Strikes out swinging
Bottom of the 3rd over - 4 run(s), 2 hit(s), 2 error(s), 1 left on base; Brookline HS 3 - Huntsville HS 4
TOP OF THE 4TH
Brookline HS Warriors batting - Pitching for Huntsville HS Wasps : RHP Jimmy MacAulay
Batting: RHB Francisco Durango 0-0: Called Strike
0-1: Fly out, F9 (Flyball, 9M)
Batting: RHB Ben Bond 0-0: Ball
1-0: Ball
2-0: Foul Ball, location: 2F
2-1: Called Strike
2-2: Foul Ball, location: 2F
2-2: Foul Ball, location: 2F
2-2: Strikes out swinging
Batting: RHB Owen Jenkins 0-0: Ground out 5-3 (Groundball, 6S)
Top of the 4th over - 0 run(s), 0 hit(s), 0 error(s), 0 left on base; Brookline HS 3 - Huntsville HS 4
BOTTOM OF THE 4TH
Huntsville HS Wasps batting - Pitching for Brookline HS Warriors : RHP Norm Sweetland
Batting: RHB Roberto Peña 0-0: Ball
1-0: Called Strike
1-1: Foul Ball, location: 2F
1-2: Ball
2-2: Ball
3-2: Foul Ball, location: 2F
3-2: Foul Ball, location: 2F
3-2: SINGLE (Groundball, 3L)
Batting: RHB Charles Lewis 0-0: SINGLE (Groundball, 56D)
Roberto Peña to second
Batting: RHB Mike Kennedy 0-0: Called Strike
0-1: Swinging Strike
0-2: Hit by Pitch
Roberto Peña to third
Charles Lewis to second
Batting: RHB Esteban Garza 0-0: Ball
1-0: Ball
2-0: Foul Ball, location: 2F
2-1: Foul Ball, location: 2F
2-2: Foul Ball, location: 2F
2-2: Fly out, F7 (Flyball, 7LSF)
Runner from 3rd tags up, SCORES, no throw
Pitching: RHP Bill Haynes
Batting: RHB Jesse Pérez 0-0: Ball
1-0: Called Strike
1-1: Ball
2-1: Ball
3-1: Called Strike
3-2: Foul Ball, location: 2F
3-2: Foul Ball, location: 2F
3-2: Strikes out swinging
Batting: RHB Christian Porter 0-0: Ball
1-0: Foul Ball, location: 2F
1-1: Ball
2-1: Ball
3-1: Called Strike
3-2: Base on Balls
Charles Lewis to third
Mike Kennedy to second
Batting: RHB Foster Hapgood 0-0: Foul Ball, location: 2F
0-1: Ball
1-1: Foul Ball, location: 2F
1-2: Ball
2-2: Foul Ball, location: 2F
2-2: Ball
3-2: Strikes out swinging
Bottom of the 4th over - 1 run(s), 2 hit(s), 0 error(s), 3 left on base; Brookline HS 3 - Huntsville HS 5
TOP OF THE 5TH
Brookline HS Warriors batting - Pitching for Huntsville HS Wasps : RHP Jimmy MacAulay
Batting: RHB Bob Bishop 0-0: SOLO HOME RUN (Line Drive, 78XD), Distance : 429 ft
Batting: LHB Jonathan Martin 0-0: Ball
1-0: Swinging Strike
1-1: Foul Ball, location: 2F
1-2: Strikes out swinging
Batting: LHB Desmond Huth 0-0: Fly out, F8 (Flyball, 8RM)
Batting: RHB Tom McBride 0-0: Ball
1-0: Ball
2-0: SINGLE (Line Drive, 9S)
Batting: RHB Tim Smith 0-0: Called Strike
0-1: Ball
1-1: Swinging Strike
1-2: Strikes out swinging
Top of the 5th over - 1 run(s), 2 hit(s), 0 error(s), 1 left on base; Brookline HS 4 - Huntsville HS 5
BOTTOM OF THE 5TH
Huntsville HS Wasps batting - Pitching for Brookline HS Warriors : RHP Bill Haynes
Batting: LHB Warren Walden 0-0: SINGLE (Groundball, 34D)
Batting: LHB Eddie Nealon 0-0: Ball
1-0: Foul Ball, location: 2F
1-1: Foul Ball, location: 2F
1-2: Ball
2-2: Ball
3-2: Fly out, F6 (Popup, 6)
Batting: RHB Roberto Peña 0-0: Ball
1-0: Foul Ball, location: 2F
1-1: Foul Ball, location: 2F
1-2: Foul Ball, location: 2F
1-2: Ball
2-2: Ball
3-2: Ground out 5-3 (Groundball, 5S)
Warren Walden to second
Batting: RHB Charles Lewis 0-0: Intentional Walk
Batting: RHB Mike Kennedy 0-0: Ball
1-0: Ball
2-0: Called Strike
2-1: Ball
3-1: Base on Balls
Warren Walden to third
Charles Lewis to second
Batting: RHB Esteban Garza 0-0: Called Strike
0-1: Ball
1-1: SINGLE (Popup, 78S)
Warren Walden scores
Charles Lewis to third
Mike Kennedy to second
Runner from 3rd tries for Home, SAFE, no throw or cutoff
Batting: RHB Jesse Pérez 0-0: Ball
1-0: 3-RUN HOME RUN (Flyball, 7D), Distance : 379 ft
Batting: RHB Christian Porter 0-0: Ball
1-0: Ball
2-0: Ball
3-0: Base on Balls
Pitching: RHP Dave Bryant
Batting: RHB Foster Hapgood 0-0: Ground out 1-3 (Groundball, 13)
Bottom of the 5th over - 5 run(s), 3 hit(s), 0 error(s), 1 left on base; Brookline HS 4 - Huntsville HS 10
TOP OF THE 6TH
Brookline HS Warriors batting - Pitching for Huntsville HS Wasps : RHP Jimmy MacAulay
Batting: SHB Luis Rodríguez 0-0: Called Strike
0-1: Ball
1-1: Ball
2-1: Ground out 6-3 (Groundball, 6)
Batting: RHB Francisco Durango 0-0: Called Strike
0-1: Fly out, F7 (Flyball, 78M)
Batting: RHB Ben Bond 0-0: Ball
1-0: Ground out 6-3 (Groundball, 6)
Top of the 6th over - 0 run(s), 0 hit(s), 0 error(s), 0 left on base; Brookline HS 4 - Huntsville HS 10
BOTTOM OF THE 6TH
Huntsville HS Wasps batting - Pitching for Brookline HS Warriors : RHP Dave Bryant
Batting: LHB Warren Walden 0-0: Called Strike
0-1: Ball
1-1: Ball
2-1: Ball
3-1: Foul Ball, location: 2F
3-2: SINGLE (Line Drive, 6M)
Batting: LHB Eddie Nealon 0-0: SINGLE (Groundball, 56D)
Warren Walden to second
Batting: RHB Roberto Peña 0-0: Swinging Strike
0-1: Swinging Strike
0-2: Ball
1-2: Strikes out swinging
Batting: RHB Charles Lewis 0-0: Ball
1-0: Called Strike
1-1: Ball
2-1: Fly out, F8 (Flyball, 8LM)
Batting: RHB Mike Kennedy 0-0: Swinging Strike
0-1: Ball
1-1: Ball
2-1: Foul Ball, location: 2F
2-2: Foul Ball, location: 2F
2-2: Foul Ball, location: 2F
2-2: SINGLE (Flyball, 89S)
Warren Walden to third
Eddie Nealon to second
Runner from 3rd tries for Home, SAFE, no throw or cutoff
Batting: RHB Esteban Garza 0-0: Ball
1-0: Foul Ball, location: 2F
1-1: SINGLE (Groundball, 6)
Eddie Nealon to third
Mike Kennedy to second
Runner from 3rd tries for Home, SAFE, no throw or cutoff
Batting: RHB Jesse Pérez 0-0: Ball
1-0: Swinging Strike
1-1: Swinging Strike
1-2: Strikes out swinging
Bottom of the 6th over - 2 run(s), 4 hit(s), 0 error(s), 2 left on base; Brookline HS 4 - Huntsville HS 12
TOP OF THE 7TH
Brookline HS Warriors batting - Pitching for Huntsville HS Wasps : RHP Jimmy MacAulay
Pitching: RHP Rod Powell
Batting: RHB Owen Jenkins 0-0: Ball
1-0: Foul Ball, location: 2F
1-1: Called Strike
1-2: Ball
2-2: Ball
3-2: Base on Balls
Batting: RHB Bob Bishop 0-0: Ball
1-0: Ball
2-0: Ball
3-0: Base on Balls
Owen Jenkins to second
Batting: LHB Jonathan Martin 0-0: Foul Ball, location: 2F
0-1: Foul Ball, location: 2F
0-2: Strikes out swinging
Batting: LHB Desmond Huth 0-0: Ball
1-0: Fly out, F4 (Line Drive, 4)
Batting: RHB Tom McBride 0-0: Foul Ball, location: 2F
0-1: Foul Ball, location: 2F
0-2: Ball
1-2: Ball
2-2: SINGLE (Flyball, 8LS)
Owen Jenkins to third
Bob Bishop to second
Runner from 3rd tries for Home, throw and OUT!
Top of the 7th over - 0 run(s), 1 hit(s), 0 error(s), 2 left on base; Brookline HS 4 - Huntsville HS 12
BOTTOM OF THE 7TH
Huntsville HS Wasps batting - Pitching for Brookline HS Warriors : RHP Dave Bryant
Batting: RHB Christian Porter 0-0: Ball
1-0: Foul Ball, location: 2F
1-1: Ball
2-1: Ball
3-1: Base on Balls
Batting: RHB Foster Hapgood 0-0: Ball
1-0: Ball
2-0: SINGLE (Groundball, 34D)
Christian Porter to second
Runner from 2nd tries for 3rd, SAFE, throw made to third
Foster Hapgood to second
Batting: LHB Warren Walden 0-0: Ball
1-0: Swinging Strike
1-1: Called Strike
1-2: Ball
2-2: Ball
3-2: SINGLE (Groundball, 6MD)
Christian Porter scores
Foster Hapgood to third
Pitching: RHP Juan Álvarez
Batting: LHB Eddie Nealon 0-0: Fly out, F6 (Line Drive, 6M)
Batting: RHB Roberto Peña 0-0: SINGLE (Groundball, 4MS) (infield hit)
Foster Hapgood scores
Warren Walden to second
Batting: RHB Charles Lewis 0-0: Foul Ball, location: 2F
0-1: Foul Ball, location: 2F
0-2: Foul Ball, location: 2F
0-2: Ball
1-2: Ball
2-2: Ball
3-2: Fly out, F6 (Line Drive, 6)
3-2: Lined into DP, 6-4 (Line Drive, 6)
Bottom of the 7th over - 2 run(s), 3 hit(s), 0 error(s), 1 left on base; Brookline HS 4 - Huntsville HS 14
TOP OF THE 8TH
Brookline HS Warriors batting - Pitching for Huntsville HS Wasps : RHP Rod Powell
Now in RF: Clinton O'Brien
Batting: RHB Tim Smith 0-0: Called Strike
0-1: Swinging Strike
0-2: Ball
1-2: Ball
2-2: Foul Ball, location: 2F
2-2: Strikes out swinging
Batting: SHB Luis Rodríguez 0-0: Ball
1-0: Ball
2-0: Ball
3-0: Base on Balls
Batting: RHB Francisco Durango 0-0: Ball
1-0: Ball
2-0: Called Strike
2-1: Ball
3-1: Base on Balls
Luis Rodríguez to second
Batting: RHB Ben Bond 0-0: Ball
1-0: Ball
2-0: Called Strike
2-1: Ball
3-1: Called Strike
3-2: Foul Ball, location: 2F
3-2: Strikes out swinging
Pinch Hitting: RHB Paco Cabrera 0-0: Swinging Strike
0-1: Ground out 4-3 (Groundball, 4)
Top of the 8th over - 0 run(s), 0 hit(s), 0 error(s), 2 left on base; Brookline HS 4 - Huntsville HS 14
BOTTOM OF THE 8TH
Huntsville HS Wasps batting - Pitching for Brookline HS Warriors : RHP Juan Álvarez
Now in LF: Paco Cabrera
Batting: RHB Mike Kennedy 0-0: Ball
1-0: Foul Ball, location: 2F
1-1: Foul Ball, location: 2F
1-2: Strikes out swinging
Batting: RHB Esteban Garza 0-0: Ball
1-0: Called Strike
1-1: Swinging Strike
1-2: Foul Ball, location: 2F
1-2: Foul Ball, location: 2F
1-2: Foul Ball, location: 2F
1-2: Strikes out looking
Batting: RHB Jesse Pérez 0-0: Called Strike
0-1: Foul Ball, location: 2F
0-2: Strikes out swinging
Bottom of the 8th over - 0 run(s), 0 hit(s), 0 error(s), 0 left on base; Brookline HS 4 - Huntsville HS 14
TOP OF THE 9TH
Brookline HS Warriors batting - Pitching for Huntsville HS Wasps : RHP Rod Powell
Now in CF: José Chávez
Batting: RHB Bob Bishop 0-0: Called Strike
0-1: SINGLE (Groundball, 34D)
Batting: LHB Jonathan Martin 0-0: Swinging Strike
0-1: Ball
1-1: Called Strike
1-2: Strikes out looking
Batting: LHB Desmond Huth 0-0: Ball
1-0: Called Strike
1-1: Ball
2-1: Fly out, F7 (Flyball, 7LM)
Batting: RHB Tom McBride 0-0: Ball
1-0: 2-RUN HOME RUN (Flyball, 7D), Distance : 374 ft
Batting: RHB Tim Smith 0-0: Called Strike
0-1: Fly out, F9 (Flyball, 89D)
Top of the 9th over - 2 run(s), 2 hit(s), 0 error(s), 0 left on base; Brookline HS 6 - Huntsville HS 14
Monday, December 5th, 2016 - OOTP Baseball 17.12 Build 75